 Dungeon Crawl Stone Soup version 0.24.0-13-gcf9b319 (webtiles) character file.

Game seed: 7911329488521212719, levelgen mode: deterministic

305 Fang the Skirmisher (level 6, -2/58 HPs)
             Began as a Gargoyle Berserker on Nov 18, 2019.
             Was a Believer of Trog.
             Slain by a gnoll
             ... wielding a +0 spear
              (6 damage)
             ... on level 3 of the Dungeon.
             The game lasted 00:02:21 (2505 turns).

Fang the Skirmisher (Gargoyle Berserker)            Turns: 2505, Time: 00:02:21

Health: -2/58      AC:  6    Str: 28    XL:     6   Next: 39%
Magic:  6/6        EV: 12    Int:  7    God:    Trog [**....]
Gold:   127        SH:  0    Dex:  9    Spells: 5/5 levels left

rFire    . . .     SeeInvis .   k - +1 war axe (flame)
rCold    . . .     Gourm    .   (no shield)
rNeg     + . .     Faith    .   b - +0 animal skin
rPois    ∞         Spirit   .   (no helmet)
rElec    +         Reflect  .   (no cloak)
rCorr    .         Harm     .   (no gloves)
MR       .....                  (no boots)
Stlth    ..........             (no amulet)
HPRegen  0.19/turn              (no ring)
MPRegen  0.10/turn              (no ring)

@: berserking, very quick
A: negative energy resistance 1, electricity resistance, unbreathing,
petrification resistance, rot immunity, AC +4
a: Berserk, Trog's Hand, Renounce Religion


You were on level 3 of the Dungeon.
You worshipped Trog.
Trog was pleased with you.
You were very hungry.

You visited 1 branch of the dungeon, and saw 3 of its levels.

You collected 127 gold pieces.

Inventory:

Hand Weapons
 a - a +0 hand axe
 k - a +1 war axe of flaming (weapon)
Armour
 b - a +0 animal skin (worn)
Jewellery
 j - a +3 ring of slaying {unknown}
 p - a cursed ring of teleportation {unknown}
Scrolls
 d - a scroll of noise {unknown}
 e - 2 scrolls of identify {unknown}
 g - 3 scrolls of remove curse {unknown}
 i - a scroll of amnesia {unknown}
 l - a scroll of enchant weapon {unknown}
 m - a scroll of enchant armour {unknown}
 o - a scroll of fear {unknown}
 s - a scroll of immolation {unknown}
Potions
 f - 3 potions of heal wounds {unknown}
 h - a potion of cancellation {unknown}
 n - a potion of invisibility {unknown}
 r - a potion of curing {unknown}
Comestibles
 c - 3 rations
 q - 3 chunks of flesh


   Skills:
 + Level 4.7 Fighting
 + Level 3.9 Axes
 + Level 4.0 Armour
 + Level 3.0 Dodging


You had 5 spell levels left.
You didn't know any spells.
Your spell library was empty.

Dungeon Overview and Level Annotations

Branches:
Dungeon (3/15)

Altars:
Xom
Zin


Innate Abilities, Weirdness & Mutations

You are resistant to torment.
Your stone body is resilient. (AC +4)
You are immune to poison.
You resist negative energy. (rN+)
You are resistant to electric shocks. (rElec)
You can survive without breathing.
You are immune to petrification.
You are immune to rotting.


Message History

The gnoll hits you from afar with a +0 spear!
* * * LOW HITPOINT WARNING * * *
You see here a +0 whip.
You slash the gnoll! You burn the gnoll.
The gnoll is almost dead.
The gnoll closely misses you. The gnoll barely misses you.
You hit the gnoll. You burn the gnoll.
You kill the gnoll!
Trog accepts your kill.
Your Armour skill increases to level 4!
Your Dodging skill increases to level 3!
You hit the gnoll. You burn the gnoll.
The gnoll is moderately wounded.
The gnoll closely misses you. x2
You slash the gnoll! You burn the gnoll.
You kill the gnoll!
Trog accepts your kill. The gnoll misses you.
The gnoll hits you with a +0 spear.
You die...

...# ......#..#..#
#.#.........# ...#
.#............
#.#.......... ##..
..........##.
.#.......... ####
......### . ....##.....
..)... ..###.## ##'###
### ....#.#####...#
..###.. .............#
#.....>#####...........#
......g@)..............#
#......#####...........#
#...... #........##....
#...... #.#......##.##.
.###### #.#..>...##.##.
#.#......##.#..
#.#.....###.#..
#.#.#.......#..
#.#.#.#######..


You could see a gnoll.

Vanquished Creatures
  Sigmund (D:2)
  3 gnolls (D:3)
  4 adders
  3 oozes
  2 dart slugs
  A leopard gecko (D:2)
  2 ball pythons (D:3)
  3 giant cockroaches
  4 goblins
  6 hobgoblins
  12 jackals (D:2)
  9 kobolds
  4 bats
  5 frilled lizards
  4 rats
63 creatures vanquished.

Notes
Turn   | Place    | Note
-------+----------+-------------------------------------------
     0 | D:1      | Fang the Gargoyle Berserker began the quest for the Orb.
     0 | D:1      | Reached XP level 1. HP: 14/14 MP: 1/1
   141 | D:1      | Reached XP level 2. HP: 19/19 MP: 2/2
   402 | D:1      | Reached XP level 3. HP: 10/23 MP: 3/3
   897 | D:2      | Noticed Sigmund
   910 | D:2      | Killed Sigmund
   910 | D:2      | Reached XP level 4. HP: 11/30 MP: 4/4
   910 | D:2      | Reached XP level 5. HP: 13/34 MP: 5/5
  1149 | D:2      | Noticed an angel
  1151 | D:2      | Found a glowing silver altar of Zin.
  1152 | D:2      | Found a shimmering altar of Xom.
  1161 | D:2      | Reached ** piety under Trog
  1413 | D:2      | Reached XP level 6. HP: 34/39 MP: 6/6
  2505 | D:3      | Slain by a gnoll

Levels and vault maps discovered:
D:1:      lightli_arrival_maybe_door_vault, layout_basic
D:2:      layout_basic, grunt_temple_overflow_order_and_chaos_1,
          kennysheep_nondescript, uniq_sigmund
D:3:      layout_basic

Skill      XL: |  1  2  3  4  5  6 |
---------------+-------------------+-----
Axes           | 3 |  3.9
Dodging        | 2 3 |  3.0
Fighting       | 4 |  4.7
Armour         | 3 4 |  4.0

Action                   |  1- 3 |  4- 6 || total
-------------------------+-------+-------++-------
Melee: Hand axe          |   105 |    33 ||   138
       War axe           |       |    78 ||    78
Invok: Berserk           |     1 |     1 ||     2
 Stab: Sleeping          |       |     1 ||     1
  Eat: Chunk             |       |     6 ||     6
Armor: Animal skin       |    39 |    43 ||    82
Dodge: Dodged            |    66 |    91 ||   157
